 Dungeon Crawl Stone Soup version 0.21-a0-349-g0c35859 (webtiles) character file.

6393 Hasart the Arsonist (level 10, 0/50 HPs)
             Began as a Deep Elf Fire Elementalist on Oct 7, 2017.
             Was an Elder of Sif Muna.
             Slain by Snorg (8 damage)
             ... on level 10 of the Dungeon.
             The game lasted 00:27:00 (11842 turns).

Hasart the Arsonist (Deep Elf Fire Elementalist)   Turns: 11842, Time: 00:27:01

Health: 0/50       AC:  9    Str:  5    XL:     10   Next: 66%
Magic:  3/25       EV: 15    Int: 24    God:    Sif Muna [****..]
Gold:   302        SH:  3    Dex: 15    Spells: 17/27 levels left

rFire    . . .     SeeInvis .   l - +4 dagger (venom)
rCold    . . .     Gourm    .   (no shield)
rNeg     . . .     Faith    .   B - +2 leather armour {MR+}
rPois    .         Spirit   .   H - +0 helmet
rElec    .         Reflect  +   (no cloak)
rCorr    .         Harm     .   (no gloves)
MR       ++...     Clarity  +   y - +2 pair of boots
Stlth    +++.......             C - +3 amulet of reflection
HPRegen  0.16/turn              I - ring of wizardry
MPRegen  0.19/turn              (no ring)

@: no status effects
A: camouflage 1, clarity
a: Divine Energy, Channel Magic, Forget Spell, Renounce Religion


You were on level 10 of the Dungeon.
You worshipped Sif Muna.
Sif Muna was greatly pleased with you.
You were not hungry.

You visited 2 branches of the dungeon, and saw 11 of its levels.

You collected 438 gold pieces.
You spent 136 gold pieces at shops.

Inventory:

Hand Weapons
 l - a +4 dagger of venom (weapon)
Missiles
 z - a throwing net (quivered)
Armour
 y - a +2 pair of boots (worn)
 B - a +2 leather armour of magic resistance (worn)
 H - a +0 helmet (worn)
Magical Staves
 w - an uncursed staff of cold
Jewellery
 C - a +3 amulet of reflection (around neck)
 I - a ring of wizardry (left hand)
Wands
 q - a wand of polymorph (12/24)
 s - a wand of flame (22/48)
 v - a wand of confusion (16/48)
 x - a wand of digging (10/24)
Scrolls
 a - a scroll of recharging {unknown}
 d - 4 scrolls of remove curse
 e - 17 scrolls of identify
 g - 5 scrolls of immolation
 h - 2 scrolls of enchant armour
 i - 2 scrolls of magic mapping
 n - 4 scrolls of teleportation
 D - a scroll of amnesia
Potions
 j - 2 potions of cancellation
 k - 6 potions of curing
 o - a potion of mutation
 p - a potion of brilliance {unknown}
 u - 3 potions of degeneration
 A - a potion of berserk rage
 G - 2 potions of haste
Books
 b - a book of Flames

   Spells                             Type                      Level
   a - Flame Tongue                   Conjuration/Fire             1
   b - Throw Flame                    Conjuration/Fire             2
   c - Conjure Flame                  Conjuration/Fire             3
   d - Inner Flame                    Hexes/Fire                   3
   e - Sticky Flame                   Conjuration/Fire             4
   f - Fireball                       Conjuration/Fire             5
 m - a book of Maledictions

   Spells                             Type                      Level
   a - Corona                         Hexes                        1
   b - Ensorcelled Hibernation        Hexes/Ice                    2
   c - Confuse                        Hexes                        3
   d - Tukima's Dance                 Hexes                        3
   e - Dazzling Spray                 Conjuration/Hexes            3
Comestibles
 c - 4 bread rations
 f - 3 meat rations
 r - a fruit
 t - 3 royal jellies
 E - 2 chunks of flesh


   Skills:
 + Level 6.9 Dodging
 - Level 2.4 Stealth
 + Level 9.1 Spellcasting
 * Level 10.1 Conjurations
 * Level 10.5 Fire Magic
 + Level 4.9 Invocations


You had 17 spell levels left.
You knew the following spells:

 Your Spells              Type           Power        Failure   Level  Hunger
a - Flame Tongue          Conj/Fire      #####        1%          1    None
b - Sticky Flame          Conj/Fire      ######..     1%          4    ##.....
c - Fireball              Conj/Fire      ######....   1%          5    ####...


Dungeon Overview and Level Annotations

Branches:
Dungeon (10/15)            Temple (1/1) D:4            Lair (0/6) D:8
    Orc (0/2) D:10

Altars:
Ashenzari
Elyvilon
Hepliaklqana
Nemelex Xobeh
Sif Muna

Shops:
D:5 [   D:9 *!   D:10 (

Annotations:
D:10 Snorg


Innate Abilities, Weirdness & Mutations

Your skin changes colour to match your surroundings (Stealth+).
You possess an exceptional clarity of mind.


Message History

You block Snorg's attack. Snorg completely misses you.
You block Snorg's attack.
Items here: ) / ? † a short sword; a wand of flame (?/48) {zapped: 1}; 3 scrolls of remove curse a big kobold corpse Snorg burns!
Snorg burns!
You block Snorg's attack. Snorg barely misses you. You block Snorg's attack.
Snorg burns!
Snorg rages.
Snorg burns!
Snorg closely misses you. Snorg claws you! x2
Some of the chunks of flesh in your inventory have rotted away.
Okay, then.
You feel much better.
Snorg burns!
Snorg bites you! Snorg misses you. Snorg claws you.
Unknown command.
Snorg burns!
Snorg bites you. Snorg claws you!
* * * LOW HITPOINT WARNING * * *
Snorg claws you!
You die...

#### .....
......#######################
..P....))....................
..%%...#####T.#####........##
....%#. #@.# #........# #.#.
#. #..# #........# # # #.
#..# #........# #. #..#
#........# ..
#..#####........# ..
#.................
#.................
.....####.........#. ....
#.........#.


You could see Snorg (berserk).

Vanquished Creatures
  2 two-headed ogres (D:8)
  Psyche (D:8)
  A wyvern (D:6)
  3 porcupines (D:8)
  An orc warrior (D:8)
  An ice beast (D:7)
  3 sky beasts
  A black bear (D:10)
  5 ogres
  5 centaurs
  7 bullfrogs
  3 big kobolds
  A wyvern zombie (D:9)
  2 scorpions
  6 killer bees (D:8)
  9 wights
  An electric eel (D:10)
  2 centaur zombies
  A quasit (D:10)
  5 hounds
  2 bullfrog zombies
  A jelly (D:5)
  9 orc priests
  A centaur skeleton (D:7)
  3 bullfrog skeletons
  6 orc wizards
  A gnoll shaman (D:5)
  Natasha (thrice) (D:2)
  3 worker ants
  2 killer bee zombies
  A hound zombie (D:7)
  A howler monkey zombie (D:6)
  12 gnolls
  12 adders
  5 shadow imps
  4 oozes
  A worm (D:9)
  2 adder skeletons
  A dart slug (D:1)
  8 leopard geckos
  30 orcs
  9 bats
  5 giant cockroaches
  6 hobgoblins
  2 jackals
  10 kobolds
  6 quokkas
  4 ball pythons
  4 frilled lizards
  10 goblins
  A jackal skeleton (D:4)
  A quokka skeleton (D:5)
  4 rats
  A fungus (D:8)
  2 plants (D:8)
233 creatures vanquished.

Vanquished Creatures (others)
  A fire vortex (D:5)
  23 fungi (D:8)
  5 plants (D:8)
29 creatures vanquished.

Grand Total: 262 creatures vanquished

Notes
Turn   | Place    | Note
-------+----------+-------------------------------------------
     0 | D:1      | Hasart the Deep Elf Fire Elementalist began the quest for the Orb.
     0 | D:1      | Reached XP level 1. HP: 10/10 MP: 6/6
   298 | D:1      | Reached XP level 2. HP: 13/15 MP: 2/8
   897 | D:1      | Reached XP level 3. HP: 1/19 MP: 3/9
  1565 | D:2      | Noticed Natasha
  1567 | D:2      | Killed Natasha
  1567 | D:2      | Reached XP level 4. HP: 22/24 MP: 3/11
  1573 | D:2      | Learned a level 4 spell: Sticky Flame
  1631 | D:2      | Noticed Natasha
  1633 | D:2      | Killed Natasha
  1761 | D:2      | Found a faded altar of an unknown god.
  2020 | D:2      | Noticed Natasha
  2026 | D:2      | Killed Natasha
  2026 | D:2      | Reached XP level 5. HP: 27/28 MP: 1/13
  3453 | D:3      | Reached skill level 5 in Fire Magic
  3486 | D:3      | Learned a level 5 spell: Fireball
  3769 | D:4      | Found a staircase to the Ecumenical Temple.
  3778 | Temple   | Entered the Ecumenical Temple
  3793 | Temple   | Became a worshipper of Sif Muna the Loreminder
  3922 | D:5      | Entered Level 5 of the Dungeon
  3922 | D:5      | Noticed an ogre
  3932 | D:4      | Gained mutation: You are clumsy. (Dex -2) [potion of mutation]
  3932 | D:4      | Gained mutation: You have a pair of small antennae on your head. [potion of mutation]
  3953 | D:4      | Reached XP level 6. HP: 8/32 MP: 8/14
  4009 | D:4      | Lost mutation: You are clumsy. (Dex -2) [potion of mutation]
  4009 | D:4      | Lost mutation: You have a pair of small antennae on your head. [potion of mutation]
  4009 | D:4      | Gained mutation: Your skin changes colour to match your surroundings (Stealth+). [potion of mutation]
  4009 | D:4      | Gained mutation: You are partially covered in iridescent scales. (AC +2) [potion of mutation]
  4009 | D:4      | Lost mutation: You are partially covered in iridescent scales. (AC +2) [potion of mutation]
  4009 | D:4      | Gained mutation: You possess an exceptional clarity of mind. [potion of mutation]
  4887 | D:5      | Reached skill level 5 in Spellcasting
  4887 | D:5      | Reached skill level 5 in Conjurations
  5092 | D:5      | Reached XP level 7. HP: 28/36 MP: 10/16
  5787 | D:6      | Found a sparkling altar of Nemelex Xobeh.
  5797 | D:6      | Noticed a wyvern
  5805 | D:6      | Killed a wyvern
  5805 | D:6      | Reached * piety under Sif Muna
  5818 | D:5      | Found Vonkuam's Armour Shop.
  6307 | D:5      | Reached XP level 8. HP: 41/41 MP: 15/19
  7182 | D:6      | Found a shattered altar of Ashenzari.
  7238 | D:6      | Reached ** piety under Sif Muna
  7459 | D:7      | Reached skill level 1 in Invocations
  7870 | D:7      | Reached XP level 9. HP: 30/45 MP: 9/21
  8469 | D:7      | Reached skill level 5 in Dodging
  8505 | D:7      | Found a white marble altar of Elyvilon.
  8901 | D:8      | Reached *** piety under Sif Muna
  9406 | D:8      | Noticed a two-headed ogre
  9418 | D:8      | Killed a two-headed ogre
  9418 | D:8      | Reached XP level 10. HP: 50/50 MP: 2/24
  9888 | D:8      | Noticed Psyche
  9908 | D:8      | Killed Psyche
  9909 | D:8      | Noticed a two-headed ogre
  9938 | D:9      | Reached skill level 10 in Fire Magic
 10075 | D:9      | Found Onkucour's Assorted Antiques.
 10211 | D:9      | Found Nazeykh's Distillery.
 10224 | D:9      | Bought a potion of heal wounds for 85 gold pieces
 10224 | D:9      | Bought a potion of curing for 51 gold pieces
 10263 | D:9      | Reached **** piety under Sif Muna
 10801 | D:10     | Entered Level 10 of the Dungeon
 10958 | D:8      | Killed a two-headed ogre
 10958 | D:8      | Reached skill level 10 in Conjurations
 11115 | D:8      | Found a staircase to the Lair.
 11234 | D:10     | Noticed Snorg
 11445 | D:10     | Found a staircase to the Orcish Mines.
 11555 | D:10     | Found Xot Woum's Weapon Shop.
 11842 | D:10     | Slain by Snorg

Vault maps used:
D:1:      minmay_arrival_radiant_lines
D:2:      chequers_ecumenical_altar_lobes, minmay_crystal_room,
          minmay_tree_intersection, uniq_natasha
D:4:      minmay_temple_entry_glass
D:5:      serial_shops, shop, first_bread
D:6:      cheibrodos_ashenzari_chains, nemelex_xobeh_ov_fountains_minmay
D:7:      elyvilon_altar_1
D:8:      grunt_lair_entry_orc_guard_hut, uniq_psyche
D:9:      serial_shops, shop, shop
D:10:     statuecave_lemuel, erik_orc_3, serial_shops, shop,
          blue_anna_alchemist, uniq_fannar, uniq_snorg
Temple:   roderic_octagonal_lattice_temple

Skill      XL: |  1  2  3  4  5  6  7  8  9 10 |
---------------+-------------------------------+-----
Conjurations   | 2 3 4 5 6 7 9 10 | 10.1
Fire Magic     | 4 5 6 7 8 9 10 | 10.5
Spellcasting   | 4 5 6 7 8 9 |  9.1
Dodging        | 3 4 6 |  6.9
Invocations    | 1 3 4 |  4.9
Stealth        | |  2.4

Action                   |  1- 3 |  4- 6 |  7- 9 | 10-12 || total
-------------------------+-------+-------+-------+-------++-------
Melee: Club              |       |     4 |       |       ||     4
       Dagger            |       |    13 |    34 |    67 ||   114
 Cast: Flame Tongue      |    54 |    94 |   153 |    56 ||   357
       Sticky Flame      |       |    10 |    27 |    17 ||    54
       Fireball          |       |       |    11 |    13 ||    24
  Use: Potion            |       |     9 |     1 |     1 ||    11
       Scroll            |       |       |    11 |       ||    11
 Stab: Sleeping          |       |       |     7 |       ||     7
  Eat: Chunk             |     2 |    11 |    17 |    10 ||    40
       Fruit             |       |       |     3 |     1 ||     4
Armor: Robe              |     6 |     9 |     3 |       ||    18
       Leather armour    |       |       |    22 |    24 ||    46
Dodge: Dodged            |    15 |    34 |    74 |    80 ||   203
Block: Other             |       |     2 |    13 |    15 ||    30
       Reflection        |       |       |     1 |       ||     1

Table legend:
 A = Spawn XP
 B = Non-spawn XP
 C = Spawn XP percentage of total XP
 D = Spawn monster count
 E = Non-spawn monster count
 F = Spawn count percentage of total count
 G = Total turns spent on level
                    A         B        C        D         E        F      G
               +---------+---------+-------+---------+---------+-------+---------
         Total |       0 |    9133 |   0.0 |       0 |     230 |   0.0 | 11842
               +---------+---------+-------+---------+---------+-------+---------
           D:1 |       0 |      46 |   0.0 |       0 |      15 |   0.0 |  1377
           D:2 |       0 |     178 |   0.0 |       0 |      22 |   0.0 |  1172
           D:3 |       0 |      47 |   0.0 |       0 |      20 |   0.0 |   967
           D:4 |       0 |     285 |   0.0 |       0 |      17 |   0.0 |  1931
           D:5 |       0 |     671 |   0.0 |       0 |      20 |   0.0 |   887
           D:6 |       0 |    1082 |   0.0 |       0 |      26 |   0.0 |  1087
           D:7 |       0 |    1345 |   0.0 |       0 |      33 |   0.0 |  1404
           D:8 |       0 |    4169 |   0.0 |       0 |      34 |   0.0 |  1445
           D:9 |       0 |     577 |   0.0 |       0 |      18 |   0.0 |   997
          D:10 |       0 |     733 |   0.0 |       0 |      25 |   0.0 |   545
               +---------+---------+-------+---------+---------+-------+---------
